 Dungeon Crawl Stone Soup version 0.31-a0-1005-gfbdfbac (webtiles) character file.

Game seed: 12517048006848243918

93 Partyfoot the Conjurer (level 4, -3/33 HPs)
             Began as a Draconian Conjurer on Nov 11, 2023.
             Slain by a scorpion (7 damage)
             ... on level 3 of the Dungeon.
             The game lasted 00:06:31 (3320 turns).

Partyfoot the Conjurer (Draconian Conjurer)         Turns: 3320, Time: 00:06:32

Health: -3/33      AC:  5    Str:  9    XL:     4   Next: 36%
Magic:  0/8        EV: 12    Int: 21    God:
Gold:   134        SH:  0    Dex:  9    Spells: 7/8 levels left

rFire   . . .        h - +1 spear (flame)
rCold   . . .        (no shield)
rNeg    . . .        (body armour unavailable)
rPois   .            (helmet restricted)
rElec   .            e - scarf {repulsion}
rCorr   .            (no gloves)
SInv    .            (no boots)
Will    .....        (no amulet)
Stlth   ++           (no ring)
HPRegen 0.25/turn    (no ring)
MPRegen 0.11/turn

%: repel missiles
@: no status effects
A: AC +5, unfitting armour, cold-blooded
a: no special abilities


You were on level 3 of the Dungeon.
You visited 1 branch of the dungeon, and saw 4 of its levels.

You collected 134 gold pieces.

Inventory:

Hand Weapons
 h - a +1 spear of flaming (weapon)
Missiles
 f - 5 poisoned darts
Armour
 e - a scarf of repulsion (worn)
Magical Staves
 n - a staff of conjuration
Jewellery
 l - an amulet of guardian spirit
Wands
 q - a wand of flame (3)
Scrolls
 b - 3 scrolls of identify {unknown}
 c - a scroll of revelation {unknown}
 j - a scroll of amnesia {unknown}
 k - a scroll of immolation {unknown}
 p - a scroll of blinking {unknown}
 r - a scroll of noise {unknown}
 s - a scroll of teleportation {unknown}
Potions
 a - a potion of magic
 g - a potion of degeneration {unknown}
 i - a potion of lignification {unknown}
 m - a potion of berserk rage {unknown}
 o - a potion of enlightenment {unknown}


   Skills:
 - Level 1.7 Dodging
 + Level 3.0 Stealth
 + Level 2.9 Spellcasting
 + Level 4.6 Conjurations


You had 7 spell levels left.
You knew the following spells:

 Your Spells              Type           Power      Damage    Failure   Level
a - Magic Dart            Conj           88%        1d7       1%          1

Your spell library contained the following spells:

 Spells                   Type           Power      Damage    Failure   Level
 Searing Ray              Conj           44%        2d6       3%          2
 Dazzling Flash           Conj/Hex       24%        N/A       16%         3
 Fulminant Prism          Conj/Hex       6%         3d6       45%         4
 Iskenderun's Mystic Bla  Conj/Tloc      12%        2d5       45%         4


Dungeon Overview and Level Annotations

Branches:
Dungeon (4/15)
 Temple: D:4-7

Altars:

Shops:
D:1 (   D:2 =


Innate Abilities, Weirdness & Mutations

Your plain brown scales are hard. (AC +5)
You cannot fit into any form of body armour.
You are cold-blooded and may be slowed by cold attacks.


Message History

Confirm with . or Enter, or press ? or * to list all spells.
Aiming: Magic Dart (safe; 1% risk of failure)
Press: ? - help, Shift-Dir - straight line, f - scorpion
Aim: a scorpion (moderately wounded, 100% to hit)
The magic dart hits the scorpion but does no damage.
The scorpion is moderately wounded.
You feel sick. The scorpion barely misses you.
The orc hits you but does no damage. The scorpion barely misses you.
Casting: Magic Dart (safe; 1% risk of failure)
Confirm with . or Enter, or press ? or * to list all spells.
Aiming: Magic Dart (safe; 1% risk of failure)
Press: ? - help, Shift-Dir - straight line, f/p - scorpion
Aim: a scorpion (moderately wounded, 100% to hit)
The magic dart hits the scorpion.
The scorpion is heavily wounded.
You feel sick. The orc closely misses you. The scorpion stings you.
* * * LOW HITPOINT WARNING * * *
Casting: Magic Dart (safe; 1% risk of failure)
Confirm with . or Enter, or press ? or * to list all spells.
Aiming: Magic Dart (safe; 1% risk of failure)
Press: ? - help, Shift-Dir - straight line, f/p - scorpion
Aim: a scorpion (heavily wounded, 100% to hit)
The magic dart hits the scorpion.
The scorpion is severely wounded.
You feel sick. The orc closely misses you. The scorpion stings you.
* * * LOW HITPOINT WARNING * * *
You are more poisoned.
The scorpion poisons you!
It was a potion of curing.
You feel better.
The scorpion stings you but does no damage.
The orc barely misses you.
You closely miss the scorpion.
The scorpion is severely wounded.
The scorpion stings you.
* * * LOW HITPOINT WARNING * * *
The orc barely misses you.
You closely miss the scorpion.
The scorpion is severely wounded.
The scorpion stings you!
You die...

#..#.....[.#%..#......#
...........#.#.#####..#
##.##.#.#..#.#........#
........#..#.######...#
##.##......#..........###
.....#####.#####........#
#.##.# #.# #.#..###.##
#....# #.# #.#......)#
###### #.# #@#.#######
#.#...os#.# #.#######.#
#.# #.# #.# #.# #.# #.#
#.#######.# #.......#.#
####......#


You could see a scorpion and an orc.

Vanquished Creatures
  Terence (D:3)
  3 worms
  2 dart slugs
  3 orcs
  7 bats
  4 endoplasms
  2 giant cockroaches
  7 goblins
  3 hobgoblins
  3 jackals (D:1)
  2 quokkas
  3 ball pythons
  5 frilled lizards
  5 kobolds
50 creatures vanquished.

Notes
Turn   | Place    | Note
-------+----------+-------------------------------------------
     0 | D:1      | Partyfoot the Draconian Conjurer began the quest for the
                  | Orb.
     0 | D:1      | Reached XP level 1. HP: 14/14 MP: 3/3
   243 | D:1      | Found Rohiurog's Antique Weapon Shop.
   280 | D:1      | Reached XP level 2. HP: 20/20 MP: 1/5
  1314 | D:2      | Reached XP level 3. HP: 13/26 MP: 6/6
  1623 | D:2      | Found Emuivuco's Jewellery Emporium.
  2062 | D:2      | Found a faded altar of an unknown god.
  3021 | D:3      | Noticed Terence
  3028 | D:3      | Killed Terence
  3029 | D:3      | Reached XP level 4. HP: 33/33 MP: 1/8
  3290 | D:4      | Noticed a scorpion
  3317 | D:3      | HP: 1/33 [scorpion (6)]
  3320 | D:3      | Slain by a scorpion

Illustrated notes

Levels and vault maps discovered:
D:1:      elethiomel_arrival_infinity_welcomes_careful_drivers,
          layout_loops_ring, serial_shops, shop
D:2:      layout_loops_corners, dreamdust_ecumenical_altar_hidden_monk_grotto,
          serial_shops, nicolae_shop_advertising_works
          [nicolae_subvault_shop_adworks]
D:3:      layout_basic, uniq_terence
D:4:      layout_loops_corners, serial_glass, glass_columns_a, glass_columns_b,
          glass_columns_b, glass_columns_a, glass_columns_b,
          hangedman_decor_slide_cut, minmay_bent

Skill      XL: |  1  2  3 |
---------------+----------+-----
Stealth        | 2 3 |  3.0
Dodging        | |  1.7
Spellcasting   | |  2.9
Conjurations   | |  4.6

Action                     |  1- 3 |  4- 6 || total
---------------------------+-------+-------++-------
  Melee: Mace              |    15 |       ||    15
         Spear             |    26 |     7 ||    33
         Tailslap          |     4 |       ||     4
         Staff             |     1 |    13 ||    14
         Punch             |       |     1 ||     1
   Cast: Magic Dart        |    84 |    13 ||    97
    Use: Potion            |       |     1 ||     1
   Stab: Sleeping          |     2 |       ||     2
 Armour: Skin              |    19 |    20 ||    39
  Dodge: Dodged            |    20 |    22 ||    42
         Repelled          |     1 |       ||     1

Table legend: (Time is in decaauts)
 A = Elapsed time spent in this place.
 B = Non-inter-level travel time spent in this place.
 C = Inter-level travel time spent in this place.
 D = Time resting spent in this place.
 E = Time spent auto-exploring this place.
 F = Levels seen in this place.
 G = Mean time per level.
                   A        B        C        D        E       F      G
               +--------+--------+--------+--------+--------+-----+--------+
         Total |   3329 |   3219 |    110 |     62 |   2853 |   4 |  832.2 |
       Dungeon |   3329 |   3219 |    110 |     62 |   2853 |   4 |  832.2 |
               +--------+--------+--------+--------+--------+-----+--------+

Top non-repeatable levels by time:
     D:1: 1284 daAuts
     D:2: 1188 daAuts
     D:3: 830 daAuts
     D:4: 25 daAuts
